 Dungeon Crawl Stone Soup version 0.29-a0-1033-gb6c65ffae6 (webtiles) character file.

Game seed: 9605328529992852473

1917 Gearfox the Cleaver (level 8, 9/58 (64) HPs)
             Began as a Minotaur Fighter on Aug 14, 2022.
             Was an Initiate of Makhleb.
             Quit the game on level 6 of the Dungeon on Dec 8, 2022.
             The game lasted 00:13:39 (6142 turns).

Gearfox the Cleaver (Minotaur Fighter)              Turns: 6142, Time: 00:13:39

HP:   9/58 (64)     AC: 14    Str: 23    XL:     8   Next: 95%
MP:   9/9           EV: 10    Int:  5    God:    Makhleb [......]
Gold: 357           SH:  5    Dex: 10    Spells: 7/7 levels left

rFire   . . .      SeeInvis .   a - +1 war axe
rCold   . . .      Faith    .   c - +0 buckler
rNeg    . . .      Spirit   .   i - +0 plate armour
rPois   .          Reflect  .   (helmet restricted)
rElec   .          Harm     .   f - +2 cloak
rCorr   .          Rampage  .   (no gloves)
Will    .....                   (no boots)
Stlth   ..........              (no amulet)
HPRegen 0.19/turn               j - +4 ring of evasion
MPRegen 0.11/turn               (no ring)

@: drained
A: horns 2, retaliatory headbutt
a: Renounce Religion


You were on level 6 of the Dungeon.
You worshipped Makhleb.
Makhleb was noncommittal.
You visited 1 branch of the dungeon, and saw 6 of its levels.
You also visited: Ossuary.

You collected 357 gold pieces.

Inventory:

Hand Weapons
 a - a +1 war axe (weapon)
 b - a +5 morningstar
Armour
 c - a +0 buckler (worn)
 f - a +2 cloak (worn)
 i - a +0 plate armour (worn)
Jewellery
 j - a +4 ring of evasion (left hand)
 l - a ring of wizardry
 q - a ring of ice
 C - a ring of flight
Wands
 r - a wand of charming (11)
 s - a wand of mindburst (14)
 x - a wand of iceblast (7)
Scrolls
 n - a scroll of enchant weapon
 t - a scroll of amnesia
 v - a scroll of summoning {unknown}
 w - 2 scrolls of enchant armour
 y - a scroll of noise {unknown}
Potions
 d - 3 potions of might
 e - 2 potions of heal wounds
 g - a potion of ambrosia
 h - a potion of cancellation
 k - 2 potions of mutation {unknown}
 m - 4 potions of curing
 o - 3 potions of brilliance {unknown}
 p - a potion of haste {unknown}
 u - 3 potions of lignification {unknown}
 z - a potion of degeneration {unknown}
 A - a potion of magic {unknown}
 B - a potion of berserk rage {unknown}


   Skills:
 - Level 3.6 Fighting
 + Level 12.2 Axes
 - Level 3.6 Armour
 + Level 6.8 Shields
 * Level 2.7 Invocations


You had 7 spell levels left.
You didn't know any spells.
Your spell library contained the following spells:

 Spells                   Type           Power      Damage    Failure   Level
 Summon Guardian Golem    Hex/Summ       0%         N/A       100%        3
 Fulminant Prism          Conj/Hex       0%         3d6       100%        4
 Iskenderun's Mystic Bla  Conj/Tloc      0%         2d3       100%        4
 Lee's Rapid Deconstruct  Erth           0%         3d5*      100%        5
 Orb of Destruction       Conj           0%         9d5       100%        7
 Spellforged Servitor     Conj/Summ      0%         N/A       100%        7


Dungeon Overview and Level Annotations

Branches:
Dungeon (6/15)            Ossuary (visited)
 Temple: D:4-7

Altars:
Hepliaklqana
Makhleb
Nemelex Xobeh
Yredelemnul


Innate Abilities, Weirdness & Mutations

You have a pair of horns on your head.
You reflexively headbutt those who attack you in melee.


Message History

The wight hits you with a +4 trident!
You feel drained.
Things that are here:
a +3 flail; a +0 robe You hit the wight.
The wight is lightly damaged.
The wight hits you with a +4 trident!
* * * LOW HITPOINT WARNING * * *
You feel drained.
* * * LOW HITPOINT WARNING * * *
You slash the wight! Your headbutt misses the wight.
The wight is severely damaged.
The wight hits you with a +4 trident.
* * * LOW HITPOINT WARNING * * *
You feel drained.
* * * LOW HITPOINT WARNING * * *
You hit the wight.
The wight is almost destroyed.
You block the wight's attack.
You slash the wight!
You destroy the wight!
Makhleb accepts your kill.
w - 2 scrolls of enchant armour (gained 1)
Things that are here:
a +4 trident; a +0 robe
Things that are here:
a +2 spear; a +0 robe
Things that are here:
a +4 trident; a +0 robe
Things that are here:
a +3 flail; a +0 robe
Things that are here:
a +4 trident; a +0 robe
Things that are here:
a +3 flail; a +0 robe Unknown command.
Welcome back, Gearfox the Minotaur Fighter.
Blood and souls for Makhleb!
Press ? for a list of commands and other information.
Okay, then.
Are you sure you want to abandon this character and quit the game? (Confirm with "yes".)

##.## ....##.#####.#
..#.##.......#
...########'## #..#
##...## #####..#
##[....## .......#
##.......##
##...####[........##
#..@[[[.'[........+.
##...####.........##
#...## ##)......##
#.### ##.....## #.#
##..)## #####.####
##'## #........#
#.###### #.###.##.#
#....... #.# #....#
##..#####


There were no monsters in sight!

Vanquished Creatures
  2 water moccasins (D:6)
  A black bear (D:4)
  A centaur (D:5)
  2 phantoms (D:5)
  Blork the orc (D:4)
  An elf zombie (Ossuary)
  A necrophage (D:5)
  A bullfrog (D:6)
  10 wights (D:6)
  3 human zombies (Ossuary)
  A hound (D:5)
  A jelly (D:6)
  2 orc priests (D:4)
  An iguana (D:5)
  Ijyb (D:3)
  3 orc wizards
  3 hound zombies (Ossuary)
  3 mummies (Ossuary)
  7 adders
  A white imp (D:6)
  2 ufetubi (D:5)
  3 worms
  3 adder zombies (Ossuary)
  2 dart slugs
  12 orcs
  7 ball pythons
  6 endoplasms
  2 giant cockroaches (D:3)
  3 gnoll zombies (Ossuary)
  6 hobgoblins
  11 jackals
  3 quokkas
  2 bats
  3 frilled lizards
  4 goblins
  A goblin zombie (Ossuary)
  2 hobgoblin zombies (Ossuary)
  5 jackal zombies (Ossuary)
  6 kobolds
  5 kobold zombies (Ossuary)
  4 quokka zombies (Ossuary)
  3 rats
  2 rat zombies (Ossuary)
143 creatures vanquished.

Notes
Turn   | Place    | Note
-------+----------+-------------------------------------------
     0 | D:1      | Gearfox the Minotaur Fighter began the quest for the Orb.
     0 | D:1      | Reached XP level 1. HP: 19/19 MP: 0/0
   400 | D:2      | Reached XP level 2. HP: 12/26 MP: 1/1
   687 | D:1      | Reached skill level 3 in Axes
   839 | D:1      | Reached XP level 3. HP: 31/31 MP: 2/2
  1100 | D:1      | Found a faded altar of an unknown god.
  1637 | D:3      | Noticed Ijyb
  1656 | D:3      | Killed Ijyb
  1657 | D:3      | Reached skill level 4 in Axes
  1691 | D:3      | Reached XP level 4. HP: 36/39 MP: 3/3
  1694 | D:3      | Reached skill level 5 in Shields
  1874 | D:4      | Noticed Blork the orc
  1893 | D:4      | Killed Blork the orc
  1894 | D:4      | Reached skill level 5 in Axes
  1894 | D:4      | Reached XP level 5. HP: 27/45 MP: 4/4
  2278 | D:3      | Found a sparkling altar of Nemelex Xobeh.
  2799 | D:4      | Reached skill level 6 in Axes
  2804 | D:4      | Reached XP level 6. HP: 19/51 MP: 5/5
  3252 | D:4      | Reached skill level 7 in Axes
  3448 | D:4      | Identified the +0 robe "Xiampatt" {Rampage Dex+3 Stlth+}
  3711 | D:5      | Entered Level 5 of the Dungeon
  3872 | D:5      | Reached skill level 8 in Axes
  3872 | D:5      | Reached XP level 7. HP: 57/57 MP: 6/6
  4068 | D:5      | Found a burning altar of Makhleb.
  4127 | D:5      | Found a basalt altar of Yredelemnul.
  4176 | D:5      | Found a sand-covered staircase.
  4184 | Ossuary  | Entered an ossuary
  4227 | Ossuary  | Reached skill level 9 in Axes
  4715 | D:5      | Reached skill level 10 in Axes
  4715 | D:5      | Reached XP level 8. HP: 64/64 MP: 7/7
  5042 | D:5      | Became a worshipper of Makhleb the Destroyer
  5509 | D:6      | Reached skill level 1 in Invocations
  5526 | D:6      | Reached skill level 11 in Axes
  5628 | D:6      | Found a hazy altar of Hepliaklqana.
  6112 | D:6      | Reached skill level 12 in Axes
  6142 | D:6      | Quit the game

Illustrated notes

Levels and vault maps discovered:
D:1:      saegor_arrival_simple_e, layout_loops_corners, basic_ecumenical_altar
D:2:      layout_loops_ring, serial_shops, nicolae_shop_window_shopping
D:3:      layout_rooms, nicolae_overflow_crystal_walls, serial_curves,
          eino_curves_04, eino_curves_02, eino_curves_03, lemuel_another_geyser,
          uniq_ijyb
D:4:      layout_loops_cross, kennysheep_generic_room_10, uniq_blork_the_orc
D:5:      layout_layer_cave, old_standard_altar, mainiacjoe_overflow_brackets,
          chequers_ossuary_entry_cave
D:6:      layout_loops_corners, overflow_temple_1_default

Skill      XL: |  1  2  3  4  5  6  7  8 |
---------------+-------------------------+-----
Shields        | 4 5 6 |  6.8
Axes           | 3 4 5 6 8 10 12 | 12.2
Invocations    | 2 |  2.7
Fighting       | |  3.6
Armour         | |  3.6

Action                   |  1- 3 |  4- 6 |  7- 9 || total
-------------------------+-------+-------+-------++-------
Melee: War axe           |    62 |   107 |   180 ||   349
       Headbutt          |    10 |    15 |    32 ||    57
  Use: Scroll            |     4 |     5 |     4 ||    13
       Potion            |     1 |     1 |     1 ||     3
Armor: Scale mail        |    15 |       |       ||    15
       Plate armour      |    18 |    66 |    73 ||   157
Dodge: Dodged            |    39 |    54 |    71 ||   164
Block: Buckler           |    11 |    27 |    37 ||    75

Table legend: (Time is in decaauts)
 A = Elapsed time spent in this place.
 B = Non-inter-level travel time spent in this place.
 C = Inter-level travel time spent in this place.
 D = Time resting spent in this place.
 E = Time spent auto-exploring this place.
 F = Levels seen in this place.
 G = Mean time per level.
                   A        B        C        D        E       F      G
               +--------+--------+--------+--------+--------+-----+--------+
         Total |   6197 |   5989 |    208 |    822 |   2531 |   7 |  885.3 |
       Dungeon |   5875 |   5667 |    208 |    822 |   2531 |   6 |  979.2 |
       Ossuary |    321 |    321 |      0 |      0 |      0 |   1 |  321.0 |
               +--------+--------+--------+--------+--------+-----+--------+

Top non-repeatable levels by time:
     D:1: 1396 daAuts
     D:5: 1388 daAuts
     D:4: 1180 daAuts
     D:3: 913 daAuts
     D:6: 726 daAuts
 Ossuary: 321 daAuts
     D:2: 269 daAuts
